 Dungeon Crawl Stone Soup version 0.22-a0-614-g34fbaa0 (webtiles) character file.

46423 robertstho the Severer (level 14, 0/109 HPs)
             Began as a Formicid Fighter on July 16, 2018.
             Was an Elder of Qazlal.
             Killed from afar by a hell hog (5 damage)
             ... with a fireball
             ... on level 2 of the Abyss on July 17, 2018.
             The game lasted 00:48:09 (13594 turns).

robertstho the Severer (Formicid Fighter)          Turns: 13594, Time: 00:48:10

Health: 0/109      AC: 25    Str: 22    XL:     14   Next: 76%
Magic:  2/19       EV: 18    Int:  9    God:    Qazlal [****..]
Gold:   470        SH: 18    Dex: 13    Spells: 13/13 levels left

rFire    + + +     SeeInvis +   I - +2 hand axe (venom)
rCold    . . .     Gourm    .   c - +0 shield
rNeg     . . .     Faith    .   g - +0 fire dragon scales
rPois    +         Spirit   .   (helmet unavailable)
rElec    +         Reflect  .   y - +2 cloak {+Inv}
rCorr    +         Harm     .   p - +2 pair of gloves
MR       +....                  w - +1 pair of boots {run}
Stlth    +.........             (no amulet)
HPRegen  0.00/turn              h - +4 ring of protection
MPRegen  0.16/turn              T - +6 ring of evasion

@: resistant, non-regenerating, diseased, repel missiles, quick
A: permanent stasis, dig shafts and tunnels, four strong arms, antennae 3
a: Dig, Shaft Self, Upheaval, Elemental Force, Renounce Religion, Evoke
Invisibility


You were on level 2 of the Abyss.
You worshipped Qazlal.
Qazlal was greatly pleased with you.
You were hungry.

You visited 2 branches of the dungeon, and saw 16 of its levels.
You visited the Abyss 1 time.

You collected 1100 gold pieces.
You spent 630 gold pieces at shops.

Inventory:

Hand Weapons
 i - a cursed -2 dire flail
 A - a +2 hand axe of flaming
 I - a +2 hand axe of venom (weapon)
Missiles
 P - 4 javelins (quivered)
Armour
 c - a +0 shield (worn)
 g - +0 fire dragon scales (worn)
 p - a +2 pair of gloves (worn)
 w - a +1 pair of boots of running (worn)
 y - a +2 cloak of invisibility (worn)
 z - the +4 ring mail of the Twenty Wars {MR+ Regen+}
   (You found it on level 14 of the Dungeon)

   It affects your resistance to hostile enchantments.
   It increases your rate of regeneration.
 F - a +0 plate armour
 U - the +1 ring mail "Ikleekh" {+Fly Str+2}
   (You took it off a human on level 13 of the Dungeon)

   It affects your strength (+2).
   It lets you fly.
Jewellery
 h - a +4 ring of protection (left hand)
 B - an uncursed amulet of guardian spirit
 G - an uncursed ring of positive energy
 K - a +4 ring of strength {unknown}
 Q - an uncursed ring of protection from cold
 T - a +6 ring of evasion (right hand)
 V - an uncursed ring of protection from fire
Wands
 a - a wand of paralysis (12)
 q - a wand of disintegration (28)
 H - a wand of acid (20)
 W - a wand of iceblast (6)
Scrolls
 b - 3 scrolls of enchant armour {unknown}
 d - a scroll of magic mapping {unknown}
 e - 4 scrolls of blinking {unknown}
 k - 2 scrolls of amnesia {unknown}
 l - a scroll of noise {unknown}
 n - 4 scrolls of remove curse
 s - a scroll of brand weapon {unknown}
 t - 4 scrolls of fear {unknown}
 D - a scroll of silence
 E - a scroll of immolation {unknown}
 J - a scroll of torment {unknown}
 L - a scroll of holy word {unknown}
 M - a scroll of random uselessness {unknown}
 S - a scroll of fog {unknown}
Potions
 j - 2 potions of cancellation
 m - a potion of flight
 u - 2 potions of lignification
 v - a potion of brilliance
Comestibles
 f - 30 rations


   Skills:
 + Level 9.7 Fighting
 * Level 15.6 Axes
 * Level 11.5 Armour
 + Level 4.1 Dodging
 + Level 4.3 Stealth
 + Level 12.4 Shields
 * Level 7.6 Invocations
 + Level 1.9 Evocations


You had 13 spell levels left.
You didn't know any spells.
Your spell library contained the following spells:

 Spells                   Type           Power        Failure   Level  Hunger
 Apportation              Tloc           #.....       71%         1    ##.....
 Bolt of Magma            Conj/Fire/Erth #.........   100%        5    ######.
 Throw Frost              Conj/Ice       #.....       83%         2    ###....
 Controlled Blink         Tloc           N/A          100%        8    #######
 Summon Small Mammal      Summ           #...         71%         1    ##.....
 Animate Skeleton         Necr           N/A          71%         1    ##.....
 Freeze                   Ice            #...         71%         1    ##.....
 Summon Ice Beast         Ice/Summ       #.......     100%        4    #####..
 Ozocubu's Armour         Chrm/Ice       #.......     97%         3    ####...
 Iron Shot                Conj/Erth      #.........   100%        6    #######
 Statue Form              Tmut/Erth      #........    100%        6    #######
 Deflect Missiles         Chrm/Air       #.........   100%        6    #######
 Throw Icicle             Conj/Ice       #.......     100%        4    #####..
 Confusing Touch          Hex            #.....       71%         1    ##.....
 Silence                  Hex/Air        #.........   100%        5    ######.
 Shatter                  Erth           #.........   100%        9    #######
 Dispersal                Tloc           #.........   100%        6    #######
 Conjure Ball Lightning   Conj/Air       #.........   100%        6    #######
 Portal Projectile        Hex/Tloc       #.....       97%         3    ####...
 Tornado                  Air            #.........   100%        9    #######
 Leda's Liquefaction      Hex/Erth       #.........   100%        4    #####..
 Disjunction              Tloc           #.........   100%        8    #######
 Force Lance              Conj/Tloc      #.......     100%        4    #####..
 Summon Lightning Spire   Summ/Air       #.......     100%        4    #####..
 Gell's Gravitas          Tloc           #.........   97%         3    ####...


Dungeon Overview and Level Annotations

Branches:
Dungeon (15/15)            Temple (1/1) D:5            Lair (0/6) D:8
    Orc (0/2) D:11         Vaults (0/5) D:13
 Depths: D:15

Altars:
Ashenzari
Cheibriados
Dithmenos
Elyvilon
Fedhas
Gozag
Hepliaklqana
Kikubaaqudgha
Makhleb
Nemelex Xobeh
Okawaru
Qazlal
Ru
Sif Muna
Trog
Uskayaw
Vehumet
Wu Jian
Xom
Yredelemnul
Zin
The Shining One

Shops:
D:6 *   D:11 !

Annotations:
D:12 exclusion: 2 orange crystal statues


Innate Abilities, Weirdness & Mutations

You cannot be hasted, slowed, berserked, paralysed or teleported.
You can dig through walls and to a lower floor.
Your four strong arms can wield two-handed weapons with a shield.
You have a pair of large antennae on your head. (SInv)


Message History

The starcursed mass shrieks in your mind.
* * * LOW HITPOINT WARNING * * *
You feel protected. The hell hog closely misses you.
You feel ill.
The hell hog bites you but does no damage.
A starcursed mass splits.
Aiming: Upheaval
Press: ? - help, Dir - move target cursor, f - small abomination
Aim: a small abomination (heavily damaged)
The ground shakes violently, spewing rubble!
The blast of rubble hits the small abomination.
You destroy the small abomination!
Qazlal accepts your kill. You block the hell hog's attack.
You closely miss the hell hog.
The hell hog is moderately wounded.
You block the hell hog's attack. The hell hog breathes fire at you.
The fireball explodes!
The fireball engulfs you! You resist.
You die...

##X.#x. # #
##.##. #.#X## #
###.X. ###
#.#x#{...#
#...####X#{####
#...h##..#
#.#.#.#...##
#.§@.....#
#.#§..#.#.# #
#.#.#.# # #. ##
# .# .# . #


You could see a starcursed mass and a hell hog.

Vanquished Creatures
  Nessos (D:15)
  Snorg (D:11)
  A fire dragon (D:15)
  A hydra (D:14)
  A vault guard (D:13)
  4 centaur warriors
  Erica (D:8)
  8 two-headed ogres
  A tengu warrior (D:14)
  A hell hog (Abyss:2)
  2 large abominations (Abyss:2)
  An unseen horror (D:10)
  Pikel (D:4)
  A necromancer (D:13)
  A cyclops (D:13)
  9 ugly things
  Maurice (D:10)
  2 freezing wraiths
  3 kobold demonologists
  2 yaktaurs (D:13)
  An efreet (D:15)
  An ancient zyme (Abyss:2)
  3 trolls
  3 meliai (D:15)
  A queen bee (D:10)
  Grinder (D:6)
  4 slime creatures (D:15)
  A hornet (D:11)
  3 blink frogs (Abyss:2)
  Prince Ribbit (D:7)
  2 hippogriffs
  Sigmund (D:5)
  A shadow (D:14)
  A wraith (D:15)
  Eustachio (D:4)
  A ynoxinul (Abyss:2)
  A wyvern (D:10)
  31 yaks
  21 humans (D:13)
  3 hungry ghosts
  4 soldier ants
  An acid dragon (D:11)
  4 orc warriors
  3 sky beasts
  An ice beast (D:9)
  4 phantoms
  A black bear (D:9)
  An eye of draining (shapeshifter) (D:13)
  4 ogres
  An eye of draining (D:15)
  A necrophage (D:11)
  2 small abominations (Abyss:2)
  18 centaurs
  2 crocodiles
  3 big kobolds
  6 bullfrogs
  2 gnoll sergeants
  7 scorpions
  35 killer bees
  5 wights (D:10)
  2 howler monkeys (D:13)
  9 crimson imps
  A bullfrog zombie (D:8)
  3 quasits
  3 jellies
  2 lava snakes (D:13)
  8 centaur zombies
  6 hounds
  3 orc priests
  Crazy Yiuf (D:4)
  A bullfrog skeleton (D:11)
  A centaur skeleton (D:2)
  16 orc wizards
  Ijyb (D:5)
  8 iguanas
  7 worker ants
  A hound zombie (D:10)
  2 hound skeletons (D:4)
  Robin (D:4)
  8 gnolls
  8 adders
  3 shadow imps
  An ooze (D:2)
  An adder zombie (D:7)
  4 worms
  4 dart slugs
  4 leopard geckos
  63 orcs
  7 bats
  4 giant cockroaches
  13 goblins
  5 hobgoblins
  4 quokkas
  5 frilled lizards
  29 kobolds
  A leopard gecko zombie (D:6)
  A quokka skeleton (D:7)
  A quokka zombie (D:7)
  7 rats
479 creatures vanquished.

Vanquished Creatures (collateral kills)
  2 starcursed masses (Abyss:2)
  A hell hog (Abyss:2)
3 creatures vanquished.

Vanquished Creatures (others)
  A vampire (D:15)
  An orc (D:9)
2 creatures vanquished.

Grand Total: 484 creatures vanquished

Notes
Turn   | Place    | Note
-------+----------+-------------------------------------------
     0 | D:1      | robertstho the Formicid Fighter began the quest for the Orb.
     0 | D:1      | Reached XP level 1. HP: 18/18 MP: 1/1
   277 | D:1      | Reached XP level 2. HP: 22/24 MP: 2/2
   535 | D:1      | Reached XP level 3. HP: 23/29 MP: 3/3
   801 | D:2      | Reached skill level 3 in Axes
   863 | D:2      | Reached XP level 4. HP: 33/35 MP: 4/4
  1212 | D:2      | Reached XP level 5. HP: 41/41 MP: 5/5
  1579 | D:3      | Reached skill level 4 in Axes
  2159 | D:4      | Found an opulent altar of Gozag.
  2294 | D:4      | Noticed Robin
  2312 | D:4      | Killed Robin
  2394 | D:4      | Reached XP level 6. HP: 37/48 MP: 6/6
  2428 | D:4      | Found a runed door.
  2502 | D:4      | Noticed Eustachio
  2537 | D:4      | Killed Eustachio
  2537 | D:4      | Reached skill level 5 in Axes
  2537 | D:4      | Reached XP level 7. HP: 36/54 MP: 7/7
  2543 | D:4      | Noticed Pikel
  2569 | D:4      | Killed Pikel
  2569 | D:4      | Reached skill level 7 in Axes
  2569 | D:4      | Reached skill level 1 in Dodging
  2569 | D:4      | Reached XP level 8. HP: 23/61 MP: 8/8
  2666 | D:4      | You fall through a shaft!
  2666 | D:5      | Entered Level 5 of the Dungeon
  2680 | D:5      | Found a basalt altar of Yredelemnul.
  2724 | D:5      | Reached skill level 5 in Armour
  2724 | D:5      | Reached skill level 5 in Shields
  2768 | D:5      | Noticed Sigmund
  2775 | D:5      | Killed Sigmund
  2840 | D:5      | Noticed Ijyb
  2854 | D:5      | Killed Ijyb
  2943 | D:5      | Reached skill level 8 in Axes
  2982 | D:5      | Found a staircase to the Ecumenical Temple.
  2990 | Temple   | Entered the Ecumenical Temple
  3220 | D:5      | Identified a +1 pair of boots of running (You found it on level 5 of the Dungeon)
  3472 | D:4      | Noticed Crazy Yiuf
  3481 | D:4      | Killed Crazy Yiuf
  3542 | D:6      | Found Viphenei's General Store.
  3552 | D:6      | Bought a scroll of identify for 30 gold pieces
  3552 | D:6      | Bought a scroll of identify for 30 gold pieces
  3552 | D:6      | Bought a potion of agility for 60 gold pieces
  3552 | D:6      | Bought a scroll of identify for 30 gold pieces
  3552 | D:6      | Bought a scroll of identify for 30 gold pieces
  3735 | D:6      | Found a deep blue altar of Sif Muna.
  3899 | D:6      | Reached XP level 9. HP: 66/67 MP: 9/9
  3971 | D:6      | Noticed Grinder
  4016 | D:6      | Killed Grinder
  4016 | D:6      | Reached skill level 5 in Fighting
  4365 | D:6      | Reached skill level 9 in Axes
  4702 | D:7      | Noticed a hippogriff
  4712 | D:7      | Killed a hippogriff
  4853 | D:7      | Found a glowing golden altar of the Shining One.
  4854 | D:7      | Noticed Prince Ribbit
  5098 | D:7      | Killed Prince Ribbit
  5181 | D:8      | Noticed a two-headed ogre
  5200 | D:8      | Killed a two-headed ogre
  5200 | D:8      | Reached skill level 10 in Axes
  5200 | D:8      | Reached skill level 1 in Stealth
  5200 | D:8      | Reached XP level 10. HP: 14/76 MP: 10/10
  5535 | D:8      | Noticed Erica
  5541 | D:8      | Noticed a two-headed ogre
  5554 | D:8      | Killed a two-headed ogre
  5554 | D:8      | Reached skill level 11 in Axes
  5563 | D:8      | Killed Erica
  6148 | D:8      | Found a staircase to the Lair.
  6577 | D:9      | Reached XP level 11. HP: 53/81 MP: 11/11
  6633 | D:9      | Reached skill level 12 in Axes
  6642 | D:9      | Noticed a two-headed ogre
  6667 | D:9      | Noticed a two-headed ogre
  6677 | D:9      | Killed a two-headed ogre
  6677 | D:9      | Reached skill level 1 in Evocations
  6700 | D:9      | Killed a two-headed ogre
  6894 | D:9      | Found a basalt altar of Yredelemnul.
  7205 | D:9      | Reached skill level 13 in Axes
  7206 | D:9      | Found a stormy altar of Qazlal.
  7214 | D:9      | Found a burning altar of Makhleb.
  7237 | D:9      | Became a worshipper of Qazlal Stormbringer
  7242 | D:9      | Found a white marble altar of Elyvilon.
  7300 | D:10     | Entered Level 10 of the Dungeon
  7557 | D:10     | Noticed Maurice
  7573 | D:10     | Killed Maurice
  7597 | D:10     | Noticed an unseen horror
  7605 | D:10     | Killed an unseen horror
  7742 | D:10     | Reached * piety under Qazlal
  8174 | D:10     | Reached XP level 12. HP: 80/89 MP: 13/13
  8635 | D:11     | Reached skill level 1 in Invocations
  8670 | D:11     | Found a staircase to the Orcish Mines.
  8814 | D:11     | Found Ygyuw's Distillery.
  8817 | D:11     | Bought a potion of resistance for 150 gold pieces
  8817 | D:11     | Bought a potion of degeneration for 15 gold pieces
  8817 | D:11     | Bought 2 potions of curing for 90 gold pieces
  8817 | D:11     | Bought a potion of heal wounds for 75 gold pieces
  8817 | D:11     | Bought a potion of mutation for 120 gold pieces
  9009 | D:11     | Reached ** piety under Qazlal
  9016 | D:11     | Noticed a two-headed ogre
  9034 | D:11     | Killed a two-headed ogre
  9121 | D:11     | Noticed Snorg
  9187 | D:11     | Killed Snorg
  9187 | D:11     | Reached skill level 14 in Axes
 10185 | D:12     | Noticed a two-headed ogre
 10204 | D:12     | Killed a two-headed ogre
 10388 | D:12     | Reached *** piety under Qazlal
 10540 | D:12     | Reached XP level 13. HP: 98/98 MP: 16/16
 10635 | D:12     | Reached skill level 10 in Armour
 10692 | D:12     | Reached **** piety under Qazlal
 10892 | D:12     | Noticed an eight-headed hydra
 11101 | D:13     | Reached skill level 5 in Invocations
 11113 | D:13     | Reached skill level 10 in Shields
 11523 | D:13     | Noticed a vault guard
 11552 | D:13     | Killed a vault guard
 11557 | D:13     | Reached ***** piety under Qazlal
 11576 | D:13     | Got a distressingly furry ring mail
 11737 | D:13     | Found a gate to the Vaults.
 11954 | D:13     | Identified the cursed +1 ring mail "Ikleekh" {+Fly Str+2} (You took it off a human on level 13 of the Dungeon)
 12113 | D:14     | Reached skill level 15 in Axes
 12141 | D:14     | Reached XP level 14. HP: 94/108 MP: 18/18
 12284 | D:14     | Found a shimmering altar of Xom.
 12677 | D:14     | Got a distressingly furry ring mail
 12779 | D:14     | Identified the +4 ring mail of the Twenty Wars {MR+ Regen+} (You found it on level 14 of the Dungeon)
 12946 | D:15     | Entered Level 15 of the Dungeon
 13017 | D:15     | Noticed Nessos
 13043 | D:15     | Killed Nessos
 13385 | D:15     | Cast into level 2 of the Abyss (a wizard)
 13475 | Abyss:2  | Noticed a starcursed mass
 13568 | Abyss:2  | Noticed a starcursed mass
 13590 | Abyss:2  | HP: 5/109 [starcursed mass/accursed screaming (7)]
 13594 | Abyss:2  | Killed from afar by a hell hog

Vault maps used:
D:1:      minmay_arrival_nine_rooms
D:2:      hangedman_feature_mirror
D:4:      grunt_gozag_breadcrumbs, first_ration, uniq_robin,
          uniq_crazy_yiuf_cottage, uniq_eustachio, uniq_pikel
D:5:      yredelemnul_altar_generic, minmay_temple_entry_junction, uniq_ijyb,
          uniq_sigmund
D:6:      led_sif_book, serial_shops, nicolae_shop_stone, uniq_grinder
D:7:      grunt_ministairs_10, tso_metal_star, uniq_prince_ribbit1
D:8:      lair_entry_dummy, uniq_erica
D:9:      minmay_overflow_temple_star_quad, basic_altar
D:10:     david_nohive_1, uniq_maurice
D:11:     hiddenorc1_lemuel, serial_shops, shop, minmay_item_behind_shaft,
          uniq_snorg
D:12:     david_greed
D:13:     grunt_vaults_entry_tiered
D:14:     brannock_xom_greatest_gift
D:15:     grunt_enter_depths_magical_seal, hangedman_abyss_or_decor_slice,
          uniq_nessos
Temple:   nicolae_temple_elliptical
Abyss:2:  evilmike_abyss_exit_6

Skill      XL: |  1  2  3  4  5  6  7  8  9 10 11 12 13 14 |
---------------+-------------------------------------------+-----
Axes           | 3 4 5 7 8 10 11 13 14 15 | 15.6
Shields        | 4 5 6 7 8 9 11 12 | 12.4
Armour         | 4 5 7 8 9 10 11 | 11.5
Fighting       | 4 5 6 7 9 |  9.7
Dodging        | 1 2 3 4 |  4.1
Stealth        | 1 2 3 4 |  4.3
Evocations     | 1 |  1.9
Invocations    | 4 6 7 |  7.6

Action                   |  1- 3 |  4- 6 |  7- 9 | 10-12 | 13-15 || total
-------------------------+-------+-------+-------+-------+-------++-------
Melee: War axe           |    83 |   269 |   263 |   483 |       ||  1098
       Hand axe          |       |       |       |   424 |   791 ||  1215
Invok: Upheaval          |       |       |       |     1 |     4 ||     5
       Elemental Force   |       |       |       |       |     3 ||     3
       Disaster Area     |       |       |       |       |     3 ||     3
 Abil: Evoke Invisibilit |       |       |       |     3 |       ||     3
Evoke: Wand              |       |       |       |    11 |     2 ||    13
  Use: Potion            |       |       |     3 |     6 |    11 ||    20
       Scroll            |       |       |     7 |     6 |     4 ||    17
 Stab: Confused          |       |       |     1 |     4 |       ||     5
       Invisible         |       |       |     1 |    18 |       ||    19
       Distracted        |       |       |       |       |     1 ||     1
  Eat: Chunk             |       |     6 |     5 |    15 |    10 ||    36
       Ration            |       |       |     1 |     2 |       ||     3
Armor: Scale mail        |    33 |    67 |       |       |       ||   100
       Chain mail        |       |    56 |   131 |   144 |       ||   331
       Plate armour      |       |       |       |   159 |    36 ||   195
       Troll leather arm |       |       |       |    34 |    63 ||    97
       Fire dragon scale |       |       |       |       |    24 ||    24
       Ring mail         |       |       |       |       |    10 ||    10
Dodge: Dodged            |    24 |    72 |    51 |   236 |   195 ||   578
       Deflected         |       |       |       |       |    14 ||    14
Block: Shield            |    46 |   136 |   120 |   437 |   551 ||  1290

Table legend:
 A = Spawn XP
 B = Non-spawn XP
 C = Spawn XP percentage of total XP
 D = Spawn monster count
 E = Non-spawn monster count
 F = Spawn count percentage of total count
 G = Total turns spent on level
                    A         B        C        D         E        F      G
               +---------+---------+-------+---------+---------+-------+---------
         Total |    4332 |   61987 |   6.5 |      13 |     470 |   2.7 | 13594
               +---------+---------+-------+---------+---------+-------+---------
           D:1 |       0 |      29 |   0.0 |       0 |      14 |   0.0 |   713
           D:2 |       0 |     112 |   0.0 |       0 |      30 |   0.0 |   710
           D:3 |       0 |      65 |   0.0 |       0 |      26 |   0.0 |   669
           D:4 |       0 |    1013 |   0.0 |       0 |      19 |   0.0 |   818
           D:5 |       0 |     641 |   0.0 |       0 |      11 |   0.0 |   492
           D:6 |       0 |     709 |   0.0 |       0 |      14 |   0.0 |  1074
           D:7 |       0 |     953 |   0.0 |       0 |      14 |   0.0 |   750
           D:8 |       0 |    3417 |   0.0 |       0 |      18 |   0.0 |   958
           D:9 |       0 |    5491 |   0.0 |       0 |      46 |   0.0 |   976
          D:10 |       0 |    3337 |   0.0 |       0 |      33 |   0.0 |  1179
          D:11 |       0 |    6645 |   0.0 |       0 |      56 |   0.0 |  1704
          D:12 |       0 |    7208 |   0.0 |       0 |      60 |   0.0 |   999
          D:13 |       0 |   10693 |   0.0 |       0 |      57 |   0.0 |   806
          D:14 |       0 |   10705 |   0.0 |       0 |      40 |   0.0 |   958
          D:15 |       0 |   10200 |   0.0 |       0 |      30 |   0.0 |   439
       Abyss:2 |    4332 |     769 |  84.9 |      13 |       2 |  86.7 |   209
               +---------+---------+-------+---------+---------+-------+---------
